Orko, chaotic female orcish Wizard ---------------- |..............+ |..............| |.............<. |..............| ------.--------- #### ### # # # ----------.-- |........W..| |.......f...| +o..........| |....&......| ---+--------- Orko the Conjurer Experience level: 4 Strength: 8 Dexterity: 17 Constitution: 14 Intelligence: 14 Wisdom: 10 Charisma: 9 Health: 0(24) Energy: 25(37) Def: 1 Gold: 279 Moves: 1061 Dungeon seed: 5uIAAVo7aN4guFKY Game ID: Orko_1571087102 Your Inventory: Boulders/Statues e - an uncursed statue of a gecko Spellbooks L - a blessed spellbook of force bolt O - an uncursed spellbook of identify Amulets J - a cursed amulet of strangulation Rings w - an uncursed ring of invisibility C - an uncursed ring of searching (on left hand) D - an uncursed +6 ring of increase accuracy (on right hand) Armor h - an uncursed rusty +0 orcish helm (being worn) n - an uncursed +0 cloak of magic resistance (being worn) y - a blessed +0 dwarvish cloak Weapons b - a blessed +1 quarterstaff (alternate weapon; not wielded) c - a blessed +1 sling (weapon in hand) Wands x - an uncursed wand of enlightenment (0:12) S - an uncursed wand of undead turning (0:8) Potions F - 4 uncursed potions of restore ability H - an uncursed potion of blindness Scrolls I - an uncursed scroll of light Q - an uncursed scroll of remove curse R - an uncursed scroll of create monster Comestibles B - an uncursed egg M - an uncursed food ration N - an uncursed slice of pizza T - an uncursed centipede egg U - an uncursed lichen corpse Tools l - an uncursed leash p - an uncursed towel P - an uncursed magic marker (0:61) Gems q - 12 uncursed rocks (in quiver) z - 2 uncursed worthless pieces of violet glass Y - an uncursed worthless piece of white glass named <( 7 Coins $ - 279 gold pieces Spells and supernatural/magical abilities: Name Level Category Fail Memory a - force bolt 1 attack 8% 95% I - identify 3 divination 100% 95% W - pray for help -- divine ? -- Your skills at the end: Fighting Skills Weapon Skills quarterstaff [Basic] Spellcasting Skills attack spells [Basic] enchantment spells [Basic] Final Attributes: You were piously aligned. You were poison resistant. You were magic-protected. You were hallucinating. You had automatic searching. You had infravision. You had a +6 bonus to hit. You were lucky. You are dead. Vanquished creatures: a giant spider a rock piercer a werejackal 2 iguanas 2 coyotes a hobbit a hobgoblin 3 giant rats a green mold 2 geckos a jackal a kobold a grid bug 3 lichens a newt and a partridge in a pear tree 22 creatures vanquished. Voluntary challenges: You were an atheist. You used a wielded weapon 19 times, starting on turn 352. You read items or engraved 1 time, starting on turn 814. You never genocided any monsters. You never polymorphed an object. You never changed form. You used no wishes. You never split a pudding. You never wrote Elbereth's name. You violated your moral code, losing 13 points of alignment, starting on turn 688. You abstained from Elbereth's help. You werepermanently hallucinating. Dungeon overview: The Dungeons of Doom: levels 1 to 8 Level 1 a long staircase Level 2 Level 3 Level 4 Level 5 many fountains Level 6 an altar to Anhur, a fountain Level 7 Level 8 <- You were here History has recorded: On T:1 you entered the Dungeons of Doom to retrieve the Amulet of Yendor! On T:124 you reached level 2 of The Dungeons of Doom. On T:152 you reached level 3 of The Dungeons of Doom. On T:374 you reached level 4 of The Dungeons of Doom. On T:566 you advanced to experience level 2. On T:586 you reached level 5 of The Dungeons of Doom. On T:748 you advanced to experience level 3. On T:788 you reached level 6 of The Dungeons of Doom. On T:827 you reached level 7 of The Dungeons of Doom. On T:985 you advanced to experience level 4. On T:1014 you reached level 8 of The Dungeons of Doom. Score breakdown: Gold: 279 ( 8324 points) Experience: 4 levels ( 9649 points) Exploration: 8 levels ( 16.33%) (11456 points) Discoveries: 3 items ( 1.09%) ( 3127 points) Valuables value: (no points given unless you survive) Artifact value: 0 ( 0 points) Variety of kills: 15 monsters ( 3.94%) ( 5952 points) Turncount: 1061 turns ( 0 points) Survival: died (score multiplied by 80%) Total score: 30806 Latest messages: There are a few objects here. This giant spider corpse tastes terrible! You finish eating the giant spider corpse. U - a lichen corpse. Moving: c - a sling. Never mind. You are empty handed. b - a blessed +1 quarterstaff (alternate weapon; not wielded). You are now wielding your sling. The door opens. KABOOM!! The door was booby-trapped! You die... The statue of a gecko is empty. The statue of a gecko is empty. Final status: Goodbye Orko the Wizard, killed by an explosion... You died in The Dungeons of Doom on dungeon level 8 with 30806 points, and 279 pieces of gold, after 1061 moves. You were level 4 with a maximum of 24 hit points when you died.